 Dungeon Crawl Stone Soup version 0.25.1-2-g60ff931df9 (webtiles) character file.

Game seed: 8862829806944151645

561 Pirxis the Skirmisher (level 7, 0/54 HPs)
             Began as a Purple Draconian Fighter on Nov 5, 2020.
             Was an Initiate of Hepliaklqana.
             Slain by a centaur (6 damage)
             ... on level 5 of the Dungeon.
             The game lasted 00:45:32 (5042 turns).

Pirxis the Skirmisher (Purple Draconian Fighter)    Turns: 5042, Time: 00:45:32

Health: 0/54       AC:  9    Str: 20    XL:     7   Next: 9%
Magic:  7/7        EV: 11    Int: 10    God:    Hepliaklqana [......]
Gold:   157        SH:  9    Dex: 11    Spells: 6/6 levels left

rFire    . . .     SeeInvis .   a - +0 long sword
rCold    . . .     Gourm    .   b - +0 kite shield
rNeg     . . .     Faith    .   (armour unavailable)
rPois    +         Spirit   .   (helmet restricted)
rElec    .         Reflect  .   B - +2 cloak {rPois}
rCorr    .         Harm     .   (no gloves)
MR       +....                  (no boots)
Stlth    ++........             (no amulet)
HPRegen  0.18/turn              (no ring)
MPRegen  0.10/turn              (no ring)

@: no status effects
A: breathe power, unfitting armour, reduced essence, big wings, horns 1, blurry
vision 1, clever 1, cold-blooded, AC +6
a: Breathe Dispelling Energy, Fly, Recall Ancestor, Ancestor Identity, Renounce
Religion


You were on level 5 of the Dungeon.
You worshipped Hepliaklqana.
Hepliaklqana was noncommittal.
You were hungry.

You visited 2 branches of the dungeon, and saw 6 of its levels.

You collected 157 gold pieces.

Inventory:

Hand Weapons
 a - a +0 long sword (weapon)
 e - a +0 short sword
 h - a cursed +0 dagger
 i - a +0 dagger
 l - a +0 club
 r - a +0 short sword
 x - a +0 hand axe
 A - a +4 quarterstaff of chaos
 C - a +0 mace
Missiles
 f - 39 arrows
 g - 16 poisoned darts
 k - 33 bolts
 m - 10 sling bullets
 n - 132 stones (quivered)
 w - 8 javelins
Armour
 b - a +0 kite shield (worn)
 j - a +0 leather armour
 q - a +0 ring mail
 u - a +0 scale mail
 B - a +2 cloak of poison resistance (worn)
 D - a +0 robe
Wands
 y - a wand of flame (7)
Scrolls
 o - 6 scrolls of identify {unknown}
 s - 3 scrolls of remove curse {unknown}
 t - a scroll of fog {unknown}
 v - a scroll of amnesia {unknown}
Potions
 c - a potion of might
 p - 2 potions of cancellation
 z - a potion of flight {unknown}
 F - a potion of mutation
Comestibles
 d - 9 rations
 E - 6 chunks of flesh


   Skills:
 + Level 4.8 Fighting
 + Level 4.6 Long Blades
 + Level 4.2 Dodging
 + Level 1.8 Stealth
 + Level 4.4 Shields


You had 6 spell levels left.
You didn't know any spells.
Your spell library was empty.

Dungeon Overview and Level Annotations

Branches:
Dungeon (5/15)             Temple (1/1) D:5

Altars:
Ashenzari
Cheibriados
Dithmenos
Elyvilon
Gozag
Hepliaklqana
Makhleb
Okawaru
Qazlal
Ru
Sif Muna
Trog
Uskayaw
Vehumet
Wu Jian
Xom
Yredelemnul
Zin


Innate Abilities, Weirdness & Mutations

You can breathe bolts of dispelling energy.
Your rich purple scales are hard. (AC +6)
You cannot fit into any form of body armour.
You are cold-blooded and may be slowed by cold attacks.
Your life essence is reduced to manifest your ancestor. (-10% HP)
Your large and strong wings let you fly indefinitely.
You have a pair of small horns on your head.
Scrolls take you a little longer to read.
Your mind is acute. (Int +2)


Message History

The orc is lightly wounded.
The centaur shoots an arrow.
You block the arrow. The orc hits you with a +0 whip.
* * * LOW HITPOINT WARNING * * *
The orc hits you but does no damage.
You slash the orc!
You kill the orc!
You block the orc's attack.
The centaur shoots an arrow.
You block the arrow. The orc hits you with a +0 whip.
* * * LOW HITPOINT WARNING * * *
You closely miss the orc. You headbutt the orc, but do no damage.
The orc is lightly wounded.
The centaur shoots an arrow.
You block the arrow. The orc misses you.
You riposte.
You hit the orc.
You kill the orc!
You slash the centaur!
The centaur is heavily wounded.
The centaur unwields a +1 shortbow of freezing.
The centaur hits you.
You die...

.# #..#...#.# o.≈ .. .#
#..#...#.####'####...
.#####..#...#.............
.#).....#...#.....$.......
..))....#...#.............
##......#...#......w......
##.....##...#...).........
.......#....####c#........
.......#.......)@#........
.......#.........#........
.......#........(#........
.......#.##.######.......
########.###### ...###'
#.........# #.........#
#.........# #.........#


You could see a centaur.

Vanquished Creatures
  An ogre (D:5)
  A bullfrog (D:5)
  A hound (D:5)
  3 orc priests
  Crazy Yiuf (D:3)
  2 orc wizards (D:5)
  2 worker ants
  5 adders
  A shadow imp (D:5)
  An ooze (D:1)
  2 worms
  3 dart slugs
  5 leopard geckos
  19 orcs
  2 giant cockroaches
  10 goblins
  5 hobgoblins
  2 jackals (D:4)
  A quokka (D:2)
  3 ball pythons
  4 bats
  4 frilled lizards
  5 kobolds
  6 rats
  3 fungi (D:3)
92 creatures vanquished.

Vanquished Creatures (collateral kills)
  2 orcs (D:5)
2 creatures vanquished.

Vanquished Creatures (others)
  An ancestor (D:5)
1 creature vanquished.

Grand Total: 95 creatures vanquished

Notes
Turn   | Place    | Note
-------+----------+-------------------------------------------
     0 | D:1      | Pirxis the Draconian Fighter began the quest for the Orb.
     0 | D:1      | Reached XP level 1. HP: 19/19 MP: 1/1
   426 | D:1      | Reached XP level 2. HP: 20/26 MP: 2/2
  1139 | D:2      | Reached XP level 3. HP: 33/33 MP: 3/3
  1999 | D:3      | Gained mutation: Scrolls take you a little longer to read.
                  | [potion of mutation]
  1999 | D:3      | Gained mutation: Your mind is acute. (Int +2) [potion of
                  | mutation]
  1999 | D:3      | Gained mutation: Your large and strong wings let you fly
                  | indefinitely. [potion of mutation]
  1999 | D:3      | Gained mutation: You have a pair of small horns on your
                  | head. [potion of mutation]
  2002 | D:3      | Reached XP level 4. HP: 7/40 MP: 4/4
  3223 | D:3      | Reached XP level 5. HP: 46/46 MP: 5/5
  3235 | D:3      | Reached skill level 1 in Stealth
  3490 | D:3      | Found a runed translucent door.
  3491 | D:3      | Noticed Crazy Yiuf
  3505 | D:3      | Killed Crazy Yiuf
  4496 | D:5      | Entered Level 5 of the Dungeon
  4516 | D:5      | Reached XP level 6. HP: 46/53 MP: 6/6
  4707 | D:5      | Found a staircase to the Ecumenical Temple.
  4712 | Temple   | Entered the Ecumenical Temple
  4797 | Temple   | Became a worshipper of Hepliaklqana the Forgotten
  5019 | D:5      | Your scales start taking on a rich purple colour.
  5019 | D:5      | Reached XP level 7. HP: 27/54 MP: 7/7
  5042 | D:5      | Slain by a centaur

Illustrated notes

Levels and vault maps discovered:
D:1:      enne_arrival_octagon_isle, layout_loops_ring, minmay_door_square
D:2:      layout_basic
D:3:      layout_loops_cross, grunt_ministairs_6, uniq_crazy_yiuf_cottage
D:4:      layout_cave_pods, first_ration
D:5:      layout_gridville, temple_doors_e, serial_shops, nicolae_shop_crystal,
          kennysheep_generic_room_8, uniq_edmund
Temple:   hc_temple_tempest_star

Skill      XL: |  1  2  3  4  5  6 |
---------------+-------------------+-----
Dodging        | 3 4 |  4.2
Fighting       | 4 |  4.8
Long Blades    | 3 4 |  4.6
Stealth        | 1 |  1.8
Shields        | 4 |  4.4

Action                   |  1- 3 |  4- 6 |  7- 9 || total
-------------------------+-------+-------+-------++-------
Melee: Long sword        |   139 |   153 |    22 ||   314
       Tailslap          |    16 |    22 |     3 ||    41
       Headbutt          |     1 |    39 |     6 ||    46
Invok: Recall Ancestor   |       |     1 |       ||     1
       Ancestor Identity |       |     1 |       ||     1
 Abil: Breathe Dispellin |       |       |     1 ||     1
  Use: Potion            |     1 |     1 |       ||     2
       Scroll            |       |     1 |       ||     1
 Stab: Sleeping          |       |     1 |       ||     1
  Eat: Chunk             |     4 |     9 |       ||    13
Armor: Skin              |    28 |    45 |     6 ||    79
Dodge: Dodged            |    41 |    77 |    17 ||   135
Block: Kite shield       |    54 |    73 |    14 ||   141
       Rpst.: Long sword |    16 |    26 |     2 ||    44
